 Dungeon Crawl Stone Soup version 0.31-a0-185-g9dded2c639 (webtiles) character file.

Game seed: 15823873251680844884

37 qw the Shooter (level 3, 0/20 HPs)
             Began as a Deep Elf Hunter on June 22, 2023.
             Slain by a goblin
             ... wielding a +0 dagger
              (2 damage)
             ... on level 2 of the Dungeon.
             The game lasted 00:00:12 (275 turns).

qw the Shooter (Deep Elf Hunter)                     Turns: 275, Time: 00:00:13

Health: 0/20       AC:  3    Str: 10    XL:     3   Next: 21%
Magic:  5/5        EV: 12    Int: 13    God:
Gold:   64         SH:  0    Dex: 18    Spells: 2/2 levels left

rFire   . . .        a - +0 shortbow
rCold   . . .        (shield currently unavailable)
rNeg    . . .        c - +0 leather armour
rPois   .            (no helmet)
rElec   .            (no cloak)
rCorr   .            (no gloves)
SInv    .            (no boots)
Will    .....        (no amulet)
Stlth   ++           (no ring)
HPRegen 0.23/turn    (no ring)
MPRegen 0.09/turn

%: no passive effects
@: no status effects
A: no striking features
a: no special abilities


You were on level 2 of the Dungeon.
You visited 1 branch of the dungeon, and saw 2 of its levels.

You collected 64 gold pieces.


   Skills:
 - Level 1.5 Fighting
 + Level 6.8 Ranged Weapons
 - Level 2.4 Dodging
 - Level 1.2 Stealth


You had 2 spell levels left.
You didn't know any spells.
Your spell library was empty.

Inventory:

Hand Weapons
 a - a +0 shortbow (weapon)
Armour
 c - a +0 leather armour (worn)
 e - a +0 scale mail
 f - a +0 ring mail
 g - a +0 pair of gloves
Jewellery
 i - a +5 ring of evasion
Scrolls
 b - a scroll of butterflies
 h - 2 scrolls of identify {unknown}
Potions
 d - a potion of cancellation {unknown}

Dungeon Overview and Level Annotations

Branches:
Dungeon (2/15)

Altars:

Shops:
D:1 =


Message History

You shoot an arrow. The arrow hits the adder.
The adder is almost dead.
You shoot an arrow. The arrow misses the adder.
You shoot an arrow. The arrow misses the adder.
The arrow completely misses the goblin.
The adder bites you. x2
You shoot an arrow. The arrow closely misses the adder.
The arrow barely misses the goblin.
The adder barely misses you.
You shoot an arrow. The arrow hits the adder.
You kill the adder!
You have reached level 3!
Your experience leads to an increase in your attributes!
Increase (S)trength, (I)ntelligence, or (D)exterity?
You feel stronger. x2
You shoot an arrow. The arrow misses the goblin.
The goblin hits you but does no damage.
You shoot an arrow. The arrow closely misses the goblin.
The goblin barely misses you. The goblin closely misses you.
You shoot an arrow. The arrow barely misses the goblin.
The goblin hits you with a +0 dagger. x2
You shoot an arrow. The arrow barely misses the goblin.
The goblin hits you with a +0 dagger. The goblin closely misses you.
You shoot an arrow. The arrow barely misses the goblin.
The goblin hits you with a +0 dagger. The goblin hits you but does no damage.
You shoot an arrow. The arrow closely misses the goblin.
The goblin hits you but does no damage. The goblin barely misses you.
You shoot an arrow. The arrow closely misses the goblin.
The goblin hits you but does no damage. The goblin hits you with a +0 dagger.
You shoot an arrow.
The arrow hits the goblin but does no damage.
The goblin hits you but does no damage. x2
You shoot an arrow. The arrow completely misses the goblin.
The goblin barely misses you. The goblin hits you with a +0 dagger.
You shoot an arrow. The arrow barely misses the goblin.
The goblin barely misses you. The goblin closely misses you.
You shoot an arrow.
The arrow hits the goblin but does no damage.
The goblin closely misses you.
The goblin hits you with a +0 dagger. x2
You die...

### #. ..#........
.....##.####..........
.......................
.......................
..............#.#.##..#
..............#...# #.##
................#####..#
................).%.....
.#..g@.........##.....
#...g.........##.....
#.......>........##...%.
....##.#...####..##.....
...# #.....# ........''
.. ###.... ##.##...%'' .
...... #.###...''
...###...###...'' ..#.
...#.''


You could see 2 goblins.

Vanquished Creatures
  2 adders (D:2)
  A dart slug (D:1)
  3 ball pythons
  An endoplasm (D:1)
  2 giant cockroaches
  A hobgoblin (D:2)
  A kobold (D:1)
  A frilled lizard (D:1)
  3 goblins
  2 rats
17 creatures vanquished.

Notes
Turn   | Place    | Note
-------+----------+-------------------------------------------
     0 | D:1      | qw the Deep Elf Hunter began the quest for the Orb.
     0 | D:1      | Reached XP level 1. HP: 12/12 MP: 3/3
     0 | D:1      | 0 ||| qw: Version: 0.3-a-9-g12657ce
     0 | D:1      | 0 ||| qw: Game counter: 1926
     0 | D:1      | 0 ||| qw: Always use a shield: true
     0 | D:1      | 0 ||| qw: God list: Okawaru
     0 | D:1      | 0 ||| qw: Allow faded altars: false
     0 | D:1      | 0 ||| qw: Do Orc after D:15 true
     0 | D:1      | 0 ||| qw: Do second Lair branch before Depths: true
     0 | D:1      | 0 ||| qw: Lair rune preference: random
     0 | D:1      | 0 ||| qw: Plans: Normal
     0 | D:1      | 0 ||| PLANNING D:1-11
   105 | D:1      | Found Wonuma's Jewellery Emporium.
   115 | D:1      | Reached XP level 2. HP: 16/16 MP: 4/4
   116 | D:1      | 116 ||| SHOPLISTING +4 ring of protection (432 gold, have
                  | 38).
   116 | D:1      | 116 ||| SHOPLISTING +6 ring of dexterity (432 gold, have
                  | 38).
   116 | D:1      | 116 ||| SHOPLISTING amulet "Mah Boet" {rC++ Regen+ Dex-4}
                  | (553 gold, have 38).
   116 | D:1      | 116 ||| SHOPLISTING amulet of reflection (360 gold, have
                  | 38).
   116 | D:1      | 116 ||| SHOPLISTING amulet of regeneration (360 gold, have
                  | 38).
   116 | D:1      | 116 ||| SHOPLISTING ring of fire (300 gold, have 38).
   116 | D:1      | 116 ||| SHOPLISTING ring of protection from cold (300 gold,
                  | have 38).
   116 | D:1      | 116 ||| SHOPLISTING ring of willpower (300 gold, have 38).
   118 | D:1      | Reached skill level 6 in Ranged Weapons
   166 | D:1      | You fall into a shaft and drop 1 floor!
   207 | D:2      | Found a faded altar of an unknown god.
   265 | D:2      | Reached XP level 3. HP: 15/20 MP: 5/5
   271 | D:2      | HP: 5/20 [goblin/+0 dagger (1)]
   275 | D:2      | HP: 2/20 [goblin/+0 dagger (3)]
   275 | D:2      | Slain by a goblin

Levels and vault maps discovered:
D:1:      giann_forest_graveyard, layout_loops_ring, serial_shops, shop
D:2:      layout_rooms, hellmonk_ecumenical_altar_heavens_door, uniq_sigmund,
          uniq_robin

Skill      XL: |  1  2 |
---------------+-------+-----
Ranged Weapons | 6 |  6.8
Fighting       | |  1.5
Dodging        | |  2.4
Stealth        | |  1.2

Action                     || total
---------------------------++-------
   Fire: Shortbow          ||    56
 Armour: Leather armour    ||     6
  Dodge: Dodged            ||    13

Table legend:
 A = Non-vault XP
 B = Vault XP
 C = Vault XP percentage of total XP
 D = Non-vault monster count
 E = Vault monster count
 F = Vault count percentage of total count
                 A         B        C        D         E       F
            +---------+---------+-------+---------+---------+-------
      Total |      53 |       0 |   0.0 |      17 |       0 |   0.0
            +---------+---------+-------+---------+---------+-------
        D:1 |      18 |       0 |   0.0 |      10 |       0 |   0.0
        D:2 |      35 |       0 |   0.0 |       7 |       0 |   0.0
            +---------+---------+-------+---------+---------+-------
